[Event "*** SCC Grand Prix: Titled Tuesday Blitz"]
[Site "Chess.com"]
[Date "2020.07.07"]
[Round "6"]
[White "davidkalashian"]
[Black "elohunter1999"]
[Result "0-1"]
[WhiteElo "2600"]
[BlackElo "2456"]
[TimeControl "180+1"]
[EndTime "11:07:10 PDT"]
[Termination "elohunter1999 won by resignation"]

1. e4 e5 2. Nf3 Nc6 3. d4 exd4 4. Nxd4 Nf6 5. Nc3 Bb4 6. Nxc6 bxc6 7. Bd3 d5 8. exd5 O-O 9. O-O cxd5 10. Bg5 c6 11.
Qf3 Rb8 12. Rab1 Bd6 13. Rfe1 h6 14. Bxf6 Qxf6 15. Qxf6 gxf6 16. Ne2 Re8 17. g3 Bg4 18. Kg2 Bxe2 19. Rxe2 Rxe2 20. Bxe2 Be5 21. b3 Bc3 22. Rd1 Re8 23. Ba6 d4 24. Kf3 c5 25. a4 Kg7 26.
h4 f5 27. Bb5 Re5 28. Bc4 Kf6 29.
Bd3 a5 30. Bc4 Re7 31. Bd3 Re5 32. Kf4 Re1 33. Rxe1 Bxe1 34. Kf3 Ke5 35. Ke2 Bc3 36. f3 f4 37. g4 f6 38. Bg6 Bb4 39. Kd3 Be1 40.
Kc4 Bxh4 41. Kxc5 Be1 42. Kc6 Bc3 43. Kd7 Bd2 44. Ke7 Bc3 45. Kf7 Bd2 46. Kg7 Bc3 47. Kxh6 Bd2 48. Bd3 Bc3 49. Kg6 Bd2 50. Kf7 Bc3 51.
Ke7 Bd2 52. Kd7 Bc3 53. Kc6 Bd2 54. Kc5 Bc3 55. Kc4 Be1 56. Kb5 Bd2 57. Kc5 Be1 58.
c4 dxc3 59. Bc2 Bd2 60. Kc4 Be1 61. Kb5 Kd4 62. Kxa5 Ke3 63. b4 Kxf3 64. b5 Ke3 65. b6 f3 66. b7 Bg3 67. Kb4 f2 68. a5 f1=Q 69. a6 Qxa6 70. Kxc3 Qxb7 0-1

[Event "*** SCC Grand Prix: Titled Tuesday Blitz"]
[Site "Chess.com"]
[Date "2020.07.07"]
[Round "6"]
[White "Makswolf200817"]
[Black "Parkas"]
[Result "1/2-1/2"]
[WhiteElo "2504"]
[BlackElo "2350"]
[TimeControl "180+1"]
[EndTime "11:07:11 PDT"]
[Termination "Game drawn by repetition"]

1. d4 g6 2. c4 Bg7 3. Nf3 d6 4. g3 e5 5. dxe5 dxe5 6. Qxd8+ Kxd8 7. Nc3 f6 8. Be3 Be6 9. O-O-O+ Kc8 10. b3 Bh6 11.
Bxh6 Nxh6 12. Ne4 Rf8 13. Bg2 Nd7 14. h4 Ng4 15. Nh2 a5 16. Nxg4 Bxg4 17. Bf3 Bxf3 18. exf3 f5 19. Nc3 c6 20. h5 g5 21. h6 Kc7 22. Rh5 Rg8 23. Kc2 Rg6 24. Na4 Re8 25. Re1 Ree6 26. Reh1 b6 27. R5h2 Nf6 28. Re1 Ng8 29.
Rh5 Nf6 30. Rh2 Ng8 31. Rh5 Nf6 32. Rhh1 Ng8 33. f4 gxf4 34. gxf4 e4 35. Rh5 Ne7 36. Reh1 Rg2 37. R1h2 Reg6 38. Kd2 Rg1 39. Nc3 Rf1 40.
Ne2 Ra1 41. Nd4 Rxa2+ 42. Kc3 a4 43. bxa4 Ra3+ 44. Kb4 Ra2 45. Kb3 Rd2 46. Nxf5 e3 47.
Nxe3 Rgd6 48. Re5 R6d3+ 49. Kb4 c5+ 50. Kb5 Nc6 51. Nd5+ Rxd5 52. cxd5 Nxe5 53. fxe5 Rxd5 54. f4 Rd4 55. f5 Rb4+ 56. Ka6 Rxa4+ 57. Kb5 Rb4+ 58.
Ka6 Ra4+ 59. Kb5 Rb4+ 60. Ka6 Ra4+ 1/2-1/2

[Event "*** SCC Grand Prix: Titled Tuesday Blitz"]
[Site "Chess.com"]
[Date "2020.07.07"]
[Round "6"]
[White "IMRosen"]
[Black "Caterpiller35"]
[Result "0-1"]
[WhiteElo "2531"]
[BlackElo "2373"]
[TimeControl "180+1"]
[EndTime "11:07:13 PDT"]
[Termination "Caterpiller35 won by checkmate"]

1. d4 Nf6 2. Bf4 e6 3. e3 d5 4. Nd2 c5 5. Ngf3 Bd6 6. Bb5+ Kf8 7. Bg3 c4 8. c3 Bxg3 9. hxg3 Bd7 10. Ba4 Bxa4 11.
Qxa4 Qd7 12. Qc2 b5 13. e4 Nc6 14. e5 Ne4 15. Nxe4 dxe4 16. Qxe4 h6 17. g4 g6 18. Qf4 Kg7 19. Qf6+ Kg8 20. g5 h5 21. g4 Ne7 22. gxh5 Nd5 23. Qxh8+ Kxh8 24. hxg6+ Kg8 25.
Rh6 Nf4 26. gxf7+ Qxf7 27. Rf6 Nd3+ 28. Ke2 Qh5 29. Rg1 Rf8 30. Ke3 Rxf6 31. gxf6+ Kf8 32.
Ng5 Qh6 33. f4 Qh2 34. Nxe6+ Ke8 35. Rg8+ Kd7 36. Nc5+ Kc7 37. Nxd3 cxd3 38. Kxd3 Qh7+ 39. f5 Qxg8 40. Ke4 Qxa2 41. e6 Kd8 42. d5 Ke8 43. d6 Qc4+ 44. Ke5 Qc5+ 45. Kf4 Qxd6+ 46. Kg5 Kf8 47.
Kg6 Qg3+ 48. Kh6 Qg4 49. c4 Qxf5 50. f7 Qxe6+ 51. Kh7 Qxc4 52. Kh8 Kxf7 53. b4 Qh4# 0-1

[Event "*** SCC Grand Prix: Titled Tuesday Blitz"]
[Site "Chess.com"]
[Date "2020.07.07"]
[Round "6"]
[White "Mazetovic"]
[Black "GothamChess"]
[Result "1/2-1/2"]
[WhiteElo "2751"]
[BlackElo "2593"]
[TimeControl "180+1"]
[EndTime "11:07:14 PDT"]
[Termination "Game drawn by repetition"]

1. e4 c6 2. Nc3 d5 3. Nf3 a6 4. d4 Bg4 5. h3 Bxf3 6. Qxf3 e6 7. Bd3 Nf6 8. O-O Be7 9. e5 Nfd7 10. Ne2 c5 11. c3 Nc6 12. Qg4 g6 13. Bh6 Bf8 14. Bd2 Qb6 15. Rab1 cxd4 16. cxd4 Bg7 17. a3 a5 18. a4 O-O 19. Bb5 Ndb8 20. Rfc1 Na6 21. h4 Rac8 22. h5 Ne7 23. h6 Bh8 24. Qf3 Nf5 25. Qd3 Nb4 26. Bxb4 axb4 27. g4 Nxh6 28. g5 Nf5 29. f4 b3 30. Kg2 Rc2 31. Kf3 Rfc8 32. Bd7 R8c7 33. Bb5 Rxc1 34. Rxc1 Rxc1 35. Nxc1 Nxd4+ 36. Kg2 Nxb5 37. Qxb5 Qxb5 38. axb5 Bg7 39. Nxb3 Bf8 40. Na5 b6 41. Nc6 Bc5 42. Kf3 Kf8 43. b4 Bg1 44. Kg2 Be3 45. Kf3 Bg1 46. Kg2 Be3 47. Kf3 d4 48. Ke4 Ke8 49. Nb8 Kd8 50. Nc6+ Kd7 51. Nb8+ Kc7 52. Nc6 Kd7 53. Na7 Bc1 54.
Nc6 Be3 1/2-1/2

[Event "*** SCC Grand Prix: Titled Tuesday Blitz"]
[Site "Chess.com"]
[Date "2020.07.07"]
[Round "6"]
[White "Efremov_Vlad"]
[Black "ZverevLev"]
[Result "0-1"]
[WhiteElo "2209"]
[BlackElo "2347"]
[TimeControl "180+1"]
[EndTime "11:07:14 PDT"]
[Termination "ZverevLev won on time"]

1. d4 Nf6 2. c4 e6 3. Nf3 d5 4. Nc3 dxc4 5. e4 b5 6. e5 Nd5 7. Nxb5 Nb6 8. Be2 Be7 9. O-O Nc6 10. Be3 Bb7 11. Rc1 O-O 12. Bxc4 Nxc4 13. Rxc4 Qd5 14. Qa4 Ba6 15. Nxc7 Qxc4 16. Qxa6 Nxe5 17. Qxc4 Nxc4 18. Nxa8 Rxa8 19. b3 Nb6 20. Rc1 a5 21. h3 Nd5 22.
Ne5 f6 23. Nc4 a4 24. bxa4 Rxa4 25. Rc2 Nb4 26. Nb6 Rxa2 27. Rxa2 Nxa2 28. d5 exd5 29. Nxd5 Bd6 30. Bf4 Bc5 31. Be3 Bf8 32. Bd2 Kf7 33. Kf1 Ke6 34. Nf4+ Ke5 35. Ke2 g5 36. Nd3+ Kd4 37. Be3+ Kc4 38. Bd2 Nc3+ 39. Bxc3 Kxc3 40.
Ne1 f5 41. Nf3 h6 42. Ne5 Bg7 43. Ng6 Kd4 44. h4 Kd5 45. hxg5 hxg5 46. f4 g4 47. g3 Bf6 48. Nf8 Kd6 49. Nh7 Be7 50. Ke3 Ke6 51.
Ng5+ Kf6 52. Kd4 Kg6 53. Ne6 Bb4 54. Ke3 Be1 55. Nf8+ Kf7 56. Nh7 Bxg3 57. Ng5+ Kg6 58. Ne6 Be1 59. Nd4 Ba5 60. Ke2 Bb6 61. Nc2 Kh5 62. Nb4 Kh4 63. Nd5 Bc5 64. Nc3 g3 65. Kf3 Kh3 66. Ne2 g2 0-1

[Event "*** SCC Grand Prix: Titled Tuesday Blitz"]
[Site "Chess.com"]
[Date "2020.07.07"]
[Round "6"]
[White "Vesper2018"]
[Black "carlesdc96"]
[Result "0-1"]
[WhiteElo "2557"]
[BlackElo "2711"]
[TimeControl "180+1"]
[EndTime "11:07:15 PDT"]
[Termination "carlesdc96 won by resignation"]

1. e4 e6 2. d4 d5 3. e5 c5 4. c3 Nc6 5. Nf3 Bd7 6. a3 Nge7 7.
Be2 Nf5 8. dxc5 Bxc5 9. O-O Nh4 10. Re1 a5 11. Bd3 Nxf3+ 12. Qxf3 Qb6 13. Nd2 a4 14.
Nf1 Na5 15. Rb1 Bb5 16. Bc2 Nc4 17. Ng3 g6 18. Bg5 h6 19. Bf6 Rg8 20. Re2 Bc6 21. Qf4 Bf8 22. Bd3 Bb5 23. Rd1 Qc6 24. Nf1 Nb6 25. Bxb5 Qxb5 26. Rc2 Rc8 27. Ne3 Nc4 28. Ng4 Qb3 29. Rdc1 h5 30. Nh6 Bxh6 31. Qxh6 Kd7 32. Qh7 Rcf8 33. Bg7 Re8 34. Bh6 Nxe5 35. Re2 Rh8 36.
Qg7 Reg8 37. Qxe5 Rxh6 38. Qf6 Rh7 39. c4 Qd3 40. Re3 Qd2 41. Rce1 d4 42. Rxe6 fxe6 43. Qxe6+ Kc7 44. h4 Rd8 45. Re5 Kb8 46. Rb5 Qc1+ 47. Kh2 Qf4+ 48. Kg1 Rc7 49. c5 d3 50. c6 Qc1+ 51. Kh2 Qxc6 52. Qe5 Qd6 0-1

[Event "*** SCC Grand Prix: Titled Tuesday Blitz"]
[Site "Chess.com"]
[Date "2020.07.07"]
[Round "6"]
[White "stoleriu"]
[Black "BocharovD"]
[Result "0-1"]
[WhiteElo "2587"]
[BlackElo "2757"]
[TimeControl "180+1"]
[EndTime "11:07:16 PDT"]
[Termination "BocharovD won by resignation"]

1. e4 c5 2. Nf3 d6 3. Bb5+ Nd7 4. d4 cxd4 5. Qxd4 a6 6. Bxd7+ Bxd7 7. O-O Rc8 8. Nc3 e5 9. Qd3 h6 10. Rd1 Nf6 11. a4 Be7 12. a5 O-O 13. Be3 Be6 14. Na4 Bc4 15. Qa3 Nxe4 16. Nb6 d5 17. Qa4 Bf6 18. Nxc8 Qxc8 19. c3 Rd8 20. Qc2 Bb5 21. Rac1 Bc6 22. Bb6 Re8 23. Re1 Nd6 24. Bc5 Qd8 25.
Rcd1 Qc7 26. Bb6 Qb8 27. h3 Nc4 28. b3 Nxa5 29. Bxa5 b6 30. Bb4 a5 31. Ba3 Qb7 32.
Qf5 Bd7 33. Qh5 Qc7 34. Bb2 Kh7 35. Rxd5 g6 36. Ng5+ Bxg5 37. Qf3 Bc6 38. c4 Bxd5 39. Qxd5 Bf6 40. f4 Rd8 41. Qf3 Qc5+ 42. Kh1 e4 43. Qe2 Bxb2 44. Qxb2 Qd4 45. Qa3 Rd6 46. Rxe4 Qxe4 47.
Qxd6 Qb1+ 48. Kh2 Qxb3 49. Qd5 Kg7 50. Qe5+ Kf8 51. Qd6+ Ke8 52. Qc6+ Ke7 53. Qd7+ Kxd7 0-1

[Event "*** SCC Grand Prix: Titled Tuesday Blitz"]
[Site "Chess.com"]
[Date "2020.07.07"]
[Round "6"]
[White "Jospem"]
[Black "ThePatrick27"]
[Result "1-0"]
[WhiteElo "2884"]
[BlackElo "2520"]
[TimeControl "180+1"]
[EndTime "11:07:16 PDT"]
[Termination "Jospem won by resignation"]

1. e4 e5 2. Nf3 Nc6 3. Bb5 a6 4. Ba4 Nf6 5. d3 b5 6. Bb3 Be7 7. a4 b4 8. O-O O-O 9. Nbd2 Bc5 10. a5 d6 11. c3 bxc3 12. bxc3 Be6 13. h3 h6 14. Ba4 Bd7 15. d4 exd4 16. Bxc6 Bxc6 17. cxd4 Ba7 18. d5 Bb5 19. Re1 c6 20. dxc6 Bxc6 21. Ba3 Re8 22. Qc2 Rc8 23. Qd3 Qxa5 24. Bxd6 Qb5 25. Qxb5 Bxb5 26. Be5 Nd7 27. Bd4 Bxd4 28.
Nxd4 Ne5 29. N2f3 Nxf3+ 30. Nxf3 Rc4 31. Nd2 Rc2 32. Nb3 Rc4 33. f3 Rb4 34. Nc5 Ra8 35.
Ra3 Kf8 36. Rea1 Rc4 37. Nxa6 Rc2 38. Nb4 Rxa3 39. Nxc2 Rc3 40. Nd4 Bd7 41. Ra8+ Ke7 42. Ra7 Kd6 43. Ra6+ Ke7 44. Kf2 g6 45. h4 Rd3 46.
Ne2 Rd2 47. Rb6 Rc2 48. Ke3 Kd8 49. Rb4 Kc7 50. g4 g5 51. h5 Be6 52. Nd4 Rc3+ 53. Kd2 Ra3 54. Nb5+ Kb6 55. Nxa3+ Kc5 56. Rb5+ 1-0

[Event "*** SCC Grand Prix: Titled Tuesday Blitz"]
[Site "Chess.com"]
[Date "2020.07.07"]
[Round "6"]
[White "viktorskliarov"]
[Black "Al_Shima"]
[Result "1-0"]
[WhiteElo "2514"]
[BlackElo "2340"]
[TimeControl "180+1"]
[EndTime "11:07:16 PDT"]
[Termination "viktorskliarov won by resignation"]

1. e4 d5 2. exd5 Nf6 3. Nc3 Nxd5 4. Bc4 c6 5. Qf3 Nf6 6. Nge2 Bg4 7. Qe3 Bxe2 8.
Qxe2 e6 9. O-O Be7 10. d3 O-O 11. f4 Nbd7 12. Kh1 b5 13. Bb3 Nc5 14. Be3 a5 15. Bxc5 Bxc5 16. a4 Bd4 17. Rae1 Bxc3 18. bxc3 Qd6 19.
f5 exf5 20. Rxf5 Rfe8 21. Re5 Rxe5 22. Qxe5 Qxe5 23. Rxe5 Re8 24. Rxe8+ Nxe8 25. c4 b4 26. c5 Kf8 27. Kg1 Nf6 28. Kf2 Nd7 29. d4 Ke7 30. Ke3 f5 31. Kd3 Kf6 32. Kc4 f4 33. d5 Ne5+ 34.
Kd4 g5 35. dxc6 Nxc6+ 36. Kd5 Ne5 37. Kd6 g4 38. c6 f3 39. gxf3 gxf3 40. c7 f2 41. c8=Q Nf7+ 42. Bxf7 f1=Q 43. Bb3 Qf4+ 44. Kd7 Qxh2 45. Qf8+ Kg5 46. Qg7+ Kf5 47. Be6+ Kf4 48.
Qd4+ Kg3 49. Qe5+ Kg2 50. Qxh2+ Kxh2 51. Kc6 h5 52. Kb5 h4 53. Kxa5 h3 54. Bxh3 Kxh3 55. Kxb4 1-0

[Event "*** SCC Grand Prix: Titled Tuesday Blitz"]
[Site "Chess.com"]
[Date "2020.07.07"]
[Round "6"]
[White "deep306"]
[Black "FairChess_on_YouTube"]
[Result "0-1"]
[WhiteElo "2653"]
[BlackElo "2989"]
[TimeControl "180+1"]
[EndTime "11:07:17 PDT"]
[Termination "FairChess_on_YouTube won on time"]

1. e4 c5 2. Nf3 a6 3. c3 e6 4.
d4 d5 5. e5 Bd7 6. Na3 Nh6 7. Bd3 cxd4 8. cxd4 Bxa3 9. bxa3 Bb5 10.
Bxb5+ axb5 11. O-O Nc6 12. Rb1 b4 13. axb4 Rxa2 14. Qb3 Ra8 15. Bxh6 gxh6 16. b5 Ne7 17. Qe3 Nf5 18. Qf4 Rg8 19. g3 h5 20. h3 h6 21. Kh2 Ra2 22. Ra1 Re2 23. Kh1 Kd7 24. b6 Qxb6 25. Rfb1 Qc6 26. Ra7 Rb8 27. Nh4 Qc2 28.
Rf1 Re4 29. Qf3 Rxd4 30. Nxf5 Qxf5 31. Qb3 Qxe5 32. Rxb7+ Rxb7 33. Qxb7+ Qc7 34. Qb5+ Ke7 35. Ra1 Rc4 36. Ra8 Kf6 37. Qe8 d4 38. Qh8+ Kf5 39.
Qxh6 Qc6+ 40. Kh2 Qxa8 41. Qxh5+ Ke4 42. Qg4+ Kd3 43. Qd1+ Kc3 44. Qe1+ Kb3 45. Qb1+ Kc3 0-1

[Event "*** SCC Grand Prix: Titled Tuesday Blitz"]
[Site "Chess.com"]
[Date "2020.07.07"]
[Round "6"]
[White "Kobalia"]
[Black "KuzubovYuriy"]
[Result "1-0"]
[WhiteElo "2709"]
[BlackElo "2839"]
[TimeControl "180+1"]
[EndTime "11:07:18 PDT"]
[Termination "Kobalia won by resignation"]

1. e4 c6 2. d4 d5 3. exd5 cxd5 4. Bd3 Nf6 5. c3 Bg4 6. Qb3 Qb6 7. Qxb6 axb6 8. Na3 Na6 9. Nb5 e6 10. Bf4 Be7 11. Ne2 Bxe2 12. Kxe2 O-O 13. Rhe1 Rfc8 14. Kf1 Ne8 15. Bg3 Nac7 16. Nxc7 Nxc7 17. a3 Ne8 18. f4 Bd6 19. f5 Bxg3 20. hxg3 exf5 21. Bxf5 Rc7 22. Re5 Rd8 23. Rae1 Kf8 24. g4 g6 25.
Bc2 h6 26. g5 hxg5 27. Rxg5 Re7 28. Bb3 Rxe1+ 29. Kxe1 Nc7 30. Kd2 Rd6 31. Ke3 Kg7 32.
Re5 Re6 33. Kf4 f6 34. Rxe6 Nxe6+ 35. Ke3 Nc7 36. c4 dxc4 37. Bxc4 Ne8 38. Ke4 Nd6+ 39. Kd5 Nxc4 40. Kxc4 Kf7 41. Kd5 Ke7 42. a4 Kd7 43. b4 Ke7 44. a5 bxa5 45. bxa5 Kd7 46. Kc5 f5 47. Kd5 g5 48. Ke5 f4 49. Kf5 Kc6 50.
Kxg5 Kb5 51. d5 Kxa5 52. d6 Kb6 53.
Kf6 Kc6 54. Ke7 1-0

[Event "*** SCC Grand Prix: Titled Tuesday Blitz"]
[Site "Chess.com"]
[Date "2020.07.07"]
[Round "6"]
[White "BakaPG"]
[Black "maximnovik"]
[Result "0-1"]
[WhiteElo "2646"]
[BlackElo "2515"]
[TimeControl "180+1"]
[EndTime "11:07:18 PDT"]
[Termination "maximnovik won by checkmate"]

1. e4 c6 2. d4 d5 3. Nd2 dxe4 4. Nxe4 Bf5 5. Ng3 Bg6 6. Nf3 e6 7. h4 h6 8. Ne5 Bh7 9. Bc4 Nd7 10. Qe2 Nxe5 11.
dxe5 Ne7 12. c3 Nd5 13. Bd2 Be7 14. Ne4 Qc7 15. f4 O-O-O 16. a4 Kb8 17. a5 f6 18. exf6 gxf6 19. g3 Rhg8 20. Rg1 f5 21. Nf2 Nxf4 22.
Qf3 Nd5 23. a6 b5 24. Be2 Bxh4 25. c4 bxc4 26. Bxc4 Rxg3 27. Rxg3 Qxg3 28. Bxd5 Qxf2+ 29. Qxf2 Bxf2+ 30. Kxf2 Rxd5 31. Bxh6 e5 32. Rg1 f4 33.
Rg7 Be4 34. Rb7+ Kc8 35. Rxa7 Rd2+ 36. Ke1 Rxb2 37. Re7 f3 38. Rf7 Ra2 39. a7 c5 40.
Bg7 Bd5 41. Rf8+ Kd7 42. Bxe5 Re2+ 43. Kf1 Rxe5 44. a8=Q Bxa8 45. Rxa8 Rf5 46. Ra6 Kd8 47. Kf2 Kd7 48. Ra7+ Kc6 49. Ra6+ Kd5 50. Ra1 c4 51.
Rd1+ Kc5 52. Rb1 Kd4 53. Rd1+ Kc5 54. Rb1 c3 55. Rb8 Kc4 56. Rf8 Rxf8 57. Kf1 c2 58. Kf2 c1=Q 59. Kg3 Qg5+ 60. Kf2 Qd2+ 61. Kg3 Qg2+ 62. Kh4 Rh8# 0-1

[Event "*** SCC Grand Prix: Titled Tuesday Blitz"]
[Site "Chess.com"]
[Date "2020.07.07"]
[Round "6"]
[White "Shubinkirill2003"]
[Black "realmadridtv"]
[Result "1-0"]
[WhiteElo "2623"]
[BlackElo "2467"]
[TimeControl "180+1"]
[EndTime "11:07:18 PDT"]
[Termination "Shubinkirill2003 won by resignation"]

1. e4 e5 2. Nf3 Nc6 3. Bb5 a6 4. Ba4 Nf6 5. O-O Nxe4 6. d4 Be7 7. Re1 b5 8. Bb3 d5 9. dxe5 Be6 10. Nbd2 Nc5 11. c3 O-O 12. Bc2 d4 13. cxd4 Nxd4 14.
Nxd4 Qxd4 15. Qe2 Rad8 16. Nf3 Qc4 17. Bg5 Bxg5 18. Nxg5 Qxe2 19. Rxe2 h6 20. Nxe6 Nxe6 21. Be4 c5 22. g3 Nd4 23. Ree1 Rfe8 24. f4 f5 25.
exf6 gxf6 26. g4 Kf7 27. Kf2 Re7 28. Re3 Ne6 29. Kg3 Kg7 30. Bf5 Rde8 31. Rae1 Kf7 32. h4 a5 33. Be4 Rd8 34. h5 Kf8 35. Bf5 Rd2 36. Rxe6 Rxe6 37. Rxe6 Kf7 38. Rc6 c4 39.
b3 Rxa2 40. bxc4 b4 41. Rc7+ Kf8 42. g5 fxg5 43. fxg5 hxg5 44. h6 Ra3+ 45. Kg4 Ra1 46. h7 Rh1 47. Rc8+ Kg7 48. Rg8+ Kf6 49. h8=Q+ Rxh8 50.
Rxh8 a4 51. Rb8 b3 52. Rb4 a3 53. Rxb3 a2 54. Ra3 a1=Q 55. Rxa1 1-0

[Event "*** SCC Grand Prix: Titled Tuesday Blitz"]
[Site "Chess.com"]
[Date "2020.07.07"]
[Round "6"]
[White "Falia-p"]
[Black "FMalexhdez"]
[Result "1-0"]
[WhiteElo "2308"]
[BlackElo "2128"]
[TimeControl "180+1"]
[EndTime "11:07:19 PDT"]
[Termination "Falia-p won by resignation"]

1. e4 c5 2. Nf3 d6 3. d4 cxd4 4. Nxd4 Nf6 5. Nc3 a6 6. h3 e5 7. Nb3 h5 8. Bg5 Nbd7 9. Qd3 Be7 10. Bxf6 Nxf6 11. O-O-O Be6 12. f3 Rc8 13. Kb1 Qc7 14. Qd2 b5 15. Be2 h4 16. Nd5 Nxd5 17. exd5 Bf5 18. Bd3 Bxd3 19. Qxd3 Bg5 20. Rhe1 O-O 21. Qf5 Bh6 22. Re2 a5 23. Qg4 b4 24. Qxh4 a4 25. Nc1 b3 26. axb3 Bxc1 27. Kxc1 axb3 28. c3 Ra8 29. Kd2 Qc5 30. Qf2 Qxd5+ 31. Ke1 Qc6 32. Red2 Rfd8 33. Qe3 f6 34. Kf2 d5 35. Kg1 Rd7 36. Kh1 Qc4 37. Qd3 Qxd3 38. Rxd3 Ra2 39. R1d2 Kf7 40. Kg1 Ke6 41. Kf2 f5 42. Ke3 f4+ 43.
Ke2 g5 44. c4 d4 45. Rxb3 Rc7 46. Rb6+ Kf5 47. Rc2 Ra1 48. c5 Rg1 49. Kf2 Rd1 50.
c6 d3 51. Rc3 Rd2+ 52. Kf1 Ke6 53. Rbb3 Rc2 54. Rxc2 dxc2 55. Rc3 Kd5 56. Rxc2 Rxc6 57.
Rxc6 Kxc6 58. Ke2 Kb5 59. Kd3 Kb4 60. Ke4 Kb3 61. Kxe5 Kxb2 62. Kf5 Kc2 63. Kxg5 Kd2 64. Kxf4 Ke2 65. g4 Kf2 66. h4 Kg2 67. h5 1-0

[Event "*** SCC Grand Prix: Titled Tuesday Blitz"]
[Site "Chess.com"]
[Date "2020.07.07"]
[Round "6"]
[White "Aygehovit1992"]
[Black "LedakovAlexandr"]
[Result "0-1"]
[WhiteElo "2621"]
[BlackElo "2497"]
[TimeControl "180+1"]
[EndTime "11:07:20 PDT"]
[Termination "LedakovAlexandr won on time"]

1. e4 Nc6 2. d4 d6 3. Nf3 g6 4. d5 Nb8 5. Nc3 Bg7 6. Be3 Nf6 7. Qd2 c6 8. Bh6 O-O 9. h4 Bg4 10. Bxg7 Kxg7 11. h5 Bxh5 12. Bd3 Nbd7 13. O-O-O Rh8 14.
dxc6 bxc6 15. Rh4 Rb8 16. Rdh1 Qa5 17. b3 Bxf3 18. gxf3 h5 19. f4 Rbg8 20. Kb2 Kf8 21. Qe3 Qc5 22. Qg3 g5 23. fxg5 Qxg5 24. Qh3 Qe5 25. f4 Qd4 26. e5 dxe5 27. fxe5 Qxe5 28. Bf5 e6 29. Bd3 Qg3 30. Qf1 Rg5 31. Rd4 Qe5 32. Ne2 c5 33. Kb1 cxd4 34. Qf3 Ke7 35. Qb7 Nd5 36.
Qxa7 Rd8 37. Qa3+ Qd6 38. Qa7 Nc3+ 39. Nxc3 dxc3 40. Rf1 h4 41. Qb7 Qe5 42. Qf3 f5 43. Qf2 Qg3 44. Qa7 Kf6 45. Qd4+ Ne5 46. Qxd8+ Kf7 47.
Qc7+ Kf6 48. Qxc3 Kf7 49. Qc7+ Kf6 50. Bb5 Kg6 0-1

[Event "*** SCC Grand Prix: Titled Tuesday Blitz"]
[Site "Chess.com"]
[Date "2020.07.07"]
[Round "6"]
[White "aisha_zakirova"]
[Black "sasko1234"]
[Result "0-1"]
[WhiteElo "2140"]
[BlackElo "2395"]
[TimeControl "180+1"]
[EndTime "11:07:22 PDT"]
[Termination "sasko1234 won by checkmate"]

1. d4 Nf6 2. c4 d6 3. Nf3 Bg4 4. e3 Nbd7 5. Nc3 e5 6. h3 Bh5 7. Be2 Be7 8. O-O O-O 9. Qb3 Rb8 10. Rd1 Qe8 11. Nb5 c6 12. Nc3 Qc8 13. Qc2 Qc7 14.
b3 Rfe8 15. Bb2 Bf8 16. b4 Bg6 17. Qb3 Bh5 18. b5 h6 19. a4 Bg6 20. a5 c5 21.
dxe5 dxe5 22. Nd5 Nxd5 23. Rxd5 Be4 24. Rd2 Nf6 25. b6 axb6 26. axb6 Qe7 27. Nxe5 Rbd8 28. Rad1 Rxd2 29. Rxd2 Qe6 30. Nd3 Bc6 31. Nf4 Qf5 32. Bd3 Qg5 33. Qd1 Bd6 34. Bxf6 Qxf6 35. Ne2 Be5 36.
f4 Bc3 37. Rc2 Bb4 38. Kf2 Qh4+ 39. Ng3 Rxe3 40. Kxe3 Qxg3+ 41. Ke2 Qxg2+ 42. Ke3 Qg3+ 43.
Ke2 Bf3+ 44. Ke3 Bxd1+ 45. Ke4 Bxc2 46. Bxc2 Qg2+ 47. Kf5 Qxc2+ 48. Ke5 Qxc4 49. Kd6 Qd4+ 50. Kc7 Qe4 51. Kd8 Qc6 52. Ke7 Ba5 53. h4 Bxb6 54. h5 c4 55. f5 Bc5+ 56. Kd8 Bd6 57. f6 Qc7+ 58. Ke8 Qc8# 0-1

[Event "*** SCC Grand Prix: Titled Tuesday Blitz"]
[Site "Chess.com"]
[Date "2020.07.07"]
[Round "6"]
[White "JesseKraai"]
[Black "Paladin61"]
[Result "1/2-1/2"]
[WhiteElo "2493"]
[BlackElo "2635"]
[TimeControl "180+1"]
[EndTime "11:07:24 PDT"]
[Termination "Game drawn by repetition"]

1. d4 Nf6 2. c4 g6 3. Nc3 Bg7 4. e4 O-O 5. Nf3 d6 6. Be2 e5 7. d5 a5 8. Bg5 h6 9. Bh4 g5 10. Bg3 Nh5 11. h4 g4 12. Nh2 Nxg3 13. fxg3 h5 14.
O-O Na6 15. Rf2 Nc5 16. Qc2 Bh6 17. Nf1 Bd7 18. Re1 Qc8 19. Bd3 f5 20. exf5 Nxd3 21. Qxd3 Bxf5 22. Qd1 Qd7 23. Ne3 Bg6 24. Rxf8+ Rxf8 25. Qe2 Qh7 26. Kh2 Bd3 27. Qd1 Rf2 28. b3 e4 29.
Nxg4 hxg4 30. Qxg4+ Qg7 31. Qe6+ Kh7 32. Nxe4 Rf7 33.
Qc8 b6 34. Qe6 Kh8 35. Qe8+ Rf8 36. Qe6 Kh7 37. Kh3 Kh8 38. g4 Bf4 39. g5 Be5 40. Qg4 Qh7 41. Ng3 Bc2 42. Rf1 Rg8 43. Nh5 Bg6 44. Nf6 Bxf6 45. Rxf6 Be8 46. Qf4 Bd7+ 47.
Kh2 Rg6 48. Rf7 Rg7 49. Qf6 Qxh4+ 50. Kg1 Qe1+ 51. Kh2 Qh4+ 52. Kg1 Qe1+ 53. Kh2 Qh4+ 1/2-1/2

[Event "*** SCC Grand Prix: Titled Tuesday Blitz"]
[Site "Chess.com"]
[Date "2020.07.07"]
[Round "6"]
[White "1f3_2g41-0"]
[Black "Gennady_Kozlov"]
[Result "0-1"]
[WhiteElo "2297"]
[BlackElo "2537"]
[TimeControl "180+1"]
[EndTime "11:07:24 PDT"]
[Termination "Gennady_Kozlov won by checkmate"]

1. e4 e6 2. d4 d5 3. Nc3 Nf6 4. exd5 exd5 5. Bd3 Bd6 6. Nf3 c6 7. O-O O-O 8. Bg5 h6 9. Bh4 Bg4 10. h3 Bh5 11. g4 Bg6 12. Bxg6 fxg6 13. Ne5 g5 14.
Bg3 Bxe5 15. dxe5 Ne8 16. Qd3 Nc7 17. Rad1 Ne6 18. Qg6 Qe7 19. Ne2 Nd7 20. Rfe1 Ndc5 21. Nd4 Nxd4 22. Rxd4 Ne4 23. c4 Nxg3 24. fxg3 Qc5 25.
Qd3 Rf3 26. Qxf3 Qxd4+ 27. Qf2 Qxf2+ 28. Kxf2 dxc4 29. Ke3 Kf7 30. Kd4 Rd8+ 31. Kxc4 Ke6 32. Rf1 Rd2 33. Kc3 Rg2 34. Rf3 Kxe5 35. a4 g6 36. b4 Ke4 37. Rd3 Rh2 38. Rd7 b5 39. a5 a6 40. Rd6 Rxh3 41. Rxc6 Rxg3+ 42. Kc2 Rxg4 43. Rxa6 Kd5 44. Rxg6 Kc4 45. a6 Rg2+ 46. Kb1 Kb3 47. Kc1 Kxb4 48. Rxh6 Ra2 49. Rg6 Ra3 50.
Kb2 Ra5 51. Rxg5 Rxa6 52. Rg4+ Ka5 53. Kb3 Rh6 54. Rg3 Rh4 55. Rc3 Rb4+ 56. Ka3 Rb1 57. Rc5 Ra1+ 58. Kb2 Rg1 59. Rd5 Ka4 60. Rd8 Rg2+ 61.
Kc3 b4+ 62. Kc4 Rc2+ 63. Kd3 Kb3 64. Rb8 Rc7 65. Kd2 Ka3 66. Ra8+ Kb2 67. Rb8 b3 68.
Kd3 Ka2 69. Ra8+ Kb1 70. Rb8 b2 71. Kd2 Rd7+ 72. Kc3 Kc1 73. Rxb2 Rc7+ 74. Kb3 Rb7+ 75. Ka2 Rxb2+ 76. Ka1 Rb3 77. Ka2 Kc2 78. Ka1 Ra3# 0-1

[Event "*** SCC Grand Prix: Titled Tuesday Blitz"]
[Site "Chess.com"]
[Date "2020.07.07"]
[Round "6"]
[White "platy3"]
[Black "Sven_Tica"]
[Result "1/2-1/2"]
[WhiteElo "2796"]
[BlackElo "2661"]
[TimeControl "180+1"]
[EndTime "11:07:25 PDT"]
[Termination "Game drawn by agreement"]

1. e4 c5 2. Nf3 Nf6 3. e5 Nd5 4.
Nc3 e6 5. Nxd5 exd5 6. d4 Nc6 7. c3 d6 8. Bb5 Bd7 9. exd6 Bxd6 10. dxc5 Bxc5 11. O-O Be6 12. Nd4 Qb6 13. Bxc6+ bxc6 14. Be3 O-O 15. b4 Bxd4 16. Bxd4 Qb5 17. Qd2 h6 18. Qe3 Qb8 19. Rfe1 Re8 20. Be5 Qd8 21. Qc5 Qd7 22. Re3 Bf5 23. Rae1 f6 24. Bg3 Rxe3 25. Rxe3 Re8 26.
h3 Rxe3 27. Qxe3 Kf7 28. Bb8 a6 29. Qe2 Qe8 30. Qxe8+ Kxe8 31. f3 Bd3 32. Kf2 Bc4 33. a3 Kd7 34. g3 h5 35. Ke3 g5 36. Kd4 h4 37. gxh4 gxh4 38. Kc5 Bf1 39. Kb6 Bxh3 40. Kxa6 Bg2 41. Kb6 Bxf3 42. a4 c5 43. Kxc5 Kc8 44.
Bf4 Kb7 45. b5 h3 46. a5 f5 47. Kb4 Be2 48. Bh2 Bc4 49. a6+ Kb6 50. Bg1+ Kc7 51. Kc5 f4 52. b6+ Kb8 53. a7+ Kb7 54. Kd4 f3 55.
Ke3 Be2 56. Kf2 Bb5 57. Kxf3 Bd7 58. Kg3 Be6 59. Bd4 Bd7 60. Kh2 Be6 1/2-1/2

[Event "*** SCC Grand Prix: Titled Tuesday Blitz"]
[Site "Chess.com"]
[Date "2020.07.07"]
[Round "6"]
[White "iaraldinho"]
[Black "aa175"]
[Result "1-0"]
[WhiteElo "2556"]
[BlackElo "2363"]
[TimeControl "180+1"]
[EndTime "11:07:26 PDT"]
[Termination "iaraldinho won on time"]

1. e4 c5 2. Nf3 d6 3. d4 cxd4 4. Nxd4 Nf6 5. Nc3 a6 6. Bg5 Nbd7 7. f4 Qc7 8. Qf3 h6 9. Bh4 g5 10. fxg5 hxg5 11. Bxg5 Qc5 12. Be3 Ne5 13. Qg3 Neg4 14. Bg1 Nh5 15. Qd3 Ne5 16. Qd2 Bh6 17. Be3 Bxe3 18.
Qxe3 Ng4 19. Qd2 Ng3 20. Rg1 Nxh2 21. Be2 e5 22. O-O-O Qxd4 23. Qg5 Qf2 24. Bc4 Bg4 25.
Nd5 f6 26. Nxf6+ Kf8 27. Nxg4 Nxg4 28. Qxg4 Qf4+ 29. Qxf4+ exf4 30. Rxd6 Rc8 31. Bd3 Ke7 32. Rd5 Rh2 33. Rg5 Kf6 34. Rd5 Rf8 35. e5+ Ke6 36. Rc5 b6 37. Bc4+ Kf5 38. e6+ Ke4 39. e7 Re8 40. Bd3+ Kd4 41. Rc7 f3 42. gxf3 Ke3 43. b3 Kf2 44. Rxg3 Rh1+ 45. Kb2 Kxg3 46. Bg6 Rhh8 47.
Bxe8 Rxe8 48. Kc3 Kxf3 49. Kd4 Kf4 50. Kd5 Kf5 51. Kd6 Kf6 52. Kd7 Kf7 53. Kd6 Kf6 54. c4 a5 55. a3 Kf7 56. Kc6 Ke6 57. Kxb6 Kd6 58. c5+ Kd5 59. c6 Kd6 60. Rd7+ Ke5 61. c7 1-0